Unix NetHack Version 5.0.0-0 post-release - last build Jul 19 2026 19:10:59 (3aa4ab31751d3886436d94b585a96704892fd477,branch:main).

Game began 2026-07-24 21:27:04, ended 2026-07-24 21:39:06.

Jinnora, neutral female human Wizard

      ------------                                                --------
      |..........|                              ---------         |......|
      |...........#       -----------          #........|         |......|
      |..........|#    %##...........##        #|........####    #.......|
      |...........######  |.........| #     ####---------   #    #|......|
      --.---------#       ----------- ###   #               ######|......|
        ####      ##                    #   #                ##   --------
           ##      #                    #####               ###
            #      #                       #                ##
            ###    #                     ### -----       ######
              #    #                     # ##....|########    ##
      --------.-   #                     #   |....#            #
      |...`....|   #                     #   |...|             ######
      |........|   #-----       ---------#   |...|                  #
      |........|   #|...|       |...<...|#   -----                  #
      |........|   #|....##    #|.._=...|#                          #  -------
      |.....(.>|   #....| ######.........#                          ###-.!!!!|
      ----------    |....#######---------                              |.]!!!|
                    -----                                              -------

Jinnora the Conjurer      St:12 Dx:14 Co:14 In:18 Wi:13 Ch:7  Neutral
Dlvl:3  $:172 HP:0(25) Pw:23(28) AC:9  Xp:4/107 T:2036  FoodPois Hallu

Latest messages:
 You read: "El crctr".
 You hear someone cursing shoplifters.
 You kill the yellow mold!
 You see here a yellow mold corpse.
 The iguana bites!
 R - a yellow mold corpse.
 You miss the iguana.
 The iguana bites!
 You hit the iguana.
 You hit the iguana!
 You knock the iguana back with a powerful strike!
 You hit the iguana.
 You knock the iguana back with a powerful blow!
 You hit the iguana!
 The iguana bites!
 You kill the iguana!
 You see here an iguana corpse.
 You have a little trouble lifting an iguana corpse.  Continue? [ynq] (q) y
 You have a little trouble lifting S - an iguana corpse.
 Your movements are slowed slightly because of your load.
 Where do you want to travel to?
 (For instructions type a '?')
 You hear someone cursing shoplifters.
 What do you want to sacrifice? [RS or ?*] R
 Nothing happens.
 What do you want to sacrifice? [RS or ?*] S
 Nothing happens.
 What do you want to eat? [BCRS or ?*] ?
 Ulch - that meat was tainted!
 You feel deathly sick.
 (It must have died too long ago to be safe to eat.)
 Your movements are now unencumbered.
 What do you want to eat? [BCR or ?*] <space>
 Never mind.
 What do you want to drink? [fgn-pu or ?*] ?
 Your feet are frozen to the altar!
 Your sickness feels worse.
 Your sickness is severe.
 You can move again.
 What do you want to drink? [fgnop or ?*] ?
 Oh wow!  Everything looks so cosmic!
 You are at Death's door.  She is inviting you in.
 What do you want to drink? [fgop or ?*] ?
 Far out, man!  You can't see yourself.
 For some reason, you feel your presence is known.
 In what direction? 6
 The spell hits the green dragon!
 You kill the displacer beast!
 You die from your illness.
 Do you want your possessions identified? [ynq] (y) q

Inventory:
 Coins    ('$')
  $ - 172 gold pieces
 Weapons  (')')
  a - a blessed +1 quarterstaff (weapon in hands)
 Armor    ('[')
  F - an uncursed +0 orcish helm
  b - an uncursed +0 cloak of magic resistance (being worn)
 Comestibles  ('%')
  C - an uncursed food ration
  B - an uncursed fortune cookie
  R - an uncursed yellow mold corpse
 Scrolls  ('?')
  K - an uncursed scroll of charging
  L - a blessed scroll of destroy armor
  N - an uncursed scroll of earth
  A - a blessed scroll of enchant weapon
  i - 2 uncursed scrolls of enchant weapon
  J - an uncursed scroll of food detection
  j - 2 uncursed scrolls of identify
  x - an uncursed scroll of remove curse
  y - a cursed scroll of remove curse
  M - an uncursed scroll of scare monster
  t - a blessed scroll of teleportation
  h - an uncursed scroll of teleportation
 Spellbooks  ('+')
  O - an uncursed novel named A Hat Full of Sky
  r - an uncursed spellbook of confuse monster
  w - an uncursed spellbook of confuse monster
  l - an uncursed spellbook of cure blindness
  k - a blessed spellbook of force bolt
  z - an uncursed spellbook of magic missile
 Potions  ('!')
  g - 2 uncursed potions of booze
  o - an uncursed potion of healing
  f - an uncursed potion of restore ability
 Rings    ('=')
  e - a blessed +1 ring of increase damage
  d - an uncursed ring of sustain ability
 Wands    ('/')
  c - an uncursed wand of secret door detection (0:13)
  P - an uncursed wand of striking (0:6)
 Tools    ('(')
  I - an uncursed brass lantern
  m - an uncursed magic marker (0:21)
  q - an uncursed skeleton key

Jinnora the Wizard's attributes:

Background:
 You were a Conjurer, a level 4 female human Wizard.
 You were neutral, on a mission for Thoth
 who was opposed by Ptah (lawful) and Anhur (chaotic).
 You were right-handed.
 You were in the Dungeons of Doom, on level 3.
 You entered the dungeon 2036 turns ago.
 You had 107 experience points, 53 more were needed to attain level 5.

Basics:
 You had 0 out of 25 hit points.
 You had 23 out of 28 energy points (spell power).
 Your armor class was 9.
 Your wallet contained 172 Ankh-Morpork Dollars.
 Autopickup was off.

Final Characteristics:
 Your strength was 12 (limit:18/100).
 Your dexterity was 14 (limit:18).
 Your constitution was 14 (limit:18).
 Your intelligence was 18 (limit:18).
 Your wisdom was 13 (limit:18).
 Your charisma was 7 (limit:18).

Final Status:
 You died from food poisoning.
 You were hallucinating.
 You weren't hungry.
 You were unencumbered.
 You were wielding a quarterstaff.
 You had basic skill with quarterstaff.

Final Attributes:
 You had sinned.
 You were magic-protected.
 You were invisible.
 You were warded.
 You are dead.

Miscellaneous:
 You didn't encounter any bones levels.
 Total elapsed playing time was 12 minutes and 1 second.

Major events:
 Turn
    1: Jinnora the neutral female human Wizard entered the dungeon
 1061: attained the rank of Conjurer (level 3)
 2036: poisoned by a rotted iguana corpse

Spells:
 Name                 Level Category     Fail Retention
 force bolt             1   attack         0%   81%-90%
 cure blindness         2   healing       43%  76%-100%

Skills:
 Fighting Skills
   bare handed combat [Unskilled]
   riding             [Unskilled]
 Weapon Skills
   dagger             [Unskilled]
   knife              [Unskilled]
   axe                [Unskilled]
   short sword        [Unskilled]
   club               [Unskilled]
   mace               [Unskilled]
   quarterstaff       [Basic]
   polearms           [Unskilled]
   spear              [Unskilled]
   trident            [Unskilled]
   sling              [Unskilled]
   dart               [Unskilled]
   shuriken           [Unskilled]
 Spellcasting Skills
   attack spells      [Basic]
   healing spells     [Unskilled]
   divination spells  [Unskilled]
   enchantment spells [Basic]
   clerical spells    [Unskilled]
   escape spells      [Unskilled]
   matter spells      [Unskilled]

Voluntary challenges:
 Character rerolling was not enabled.
 You never genocided any monsters.
 You never polymorphed an object.
 You never changed form.
 You used no wishes.
Achievements:
 You entered a shop.
 You attained the rank of Conjurer.

 The Dungeons of Doom: levels 1 to 4
    Level 1:
    Level 2:
       A scroll shop, some fountains.
    Level 3: <- You were here.
       A potion shop, an altar to Thoth.
       Final resting place for
          you, poisoned by a rotted iguana corpse.
    Level 4:


Vanquished creatures:
  a shrieker
  a floating eye
  a kitten
  a werejackal
 an iguana
  2 acid blobs
  2 gas spores
  a brown mold
  3 yellow molds
  5 geckos
  3 jackals
  3 foxes
  a kobold
  2 goblins
  a sewer rat
  3 grid bugs
  3 lichens
  a kobold zombie
  8 newts
43 creatures vanquished.

No species were genocided or became extinct.

Game over:
                       ----------
                      /          \
                     /    REST    \
                    /      IN      \
                   /     PEACE      \
                  /                  \
                  |     Jinnora      |
                  |      172 Au      |
                  |  poisoned by a   |
                  |  rotted iguana   |
                  |      corpse      |
                  |                  |
                  |       2026       |
                 *|     *  *  *      | *
        _________)/\\_//(\/(/\)/\//\/|_)_______

Goodbye Jinnora the Wizard...

You were poisoned in The Dungeons of Doom on dungeon level 3 with 763 points,
and 172 pieces of gold, after 2036 moves.
You were level 4 with a maximum of 25 hit points when you were poisoned.

